 Dungeon Crawl Stone Soup version 0.21.1-1-g345015f (webtiles) character file.

3432 tsouns the Reanimator (level 10, -2/73 HPs)
             Began as a Gnoll Necromancer on June 22, 2018.
             Was an Elder of Cheibriados.
             Slain by a small abomination (13 damage)
             ... on level 7 of the Dungeon on June 25, 2018.
             The game lasted 00:19:08 (2857 turns).

tsouns the Reanimator (Gnoll Necromancer)           Turns: 2857, Time: 00:19:09

Health: -2/73      AC:  6    Str: 25    XL:     10   Next: 5%
Magic:  3/20       EV: 19    Int: 36    God:    Cheibriados [****..]
Gold:   295        SH:  0    Dex: 26    Spells: 6/23 levels left

rFire    . . .     SeeInvis .   o - +1 dagger (elec)
rCold    . . .     Gourm    .   (no shield)
rNeg     . . .     Faith    .   a - +0 robe
rPois    .         Spirit   .   n - +2 helmet
rElec    .         Reflect  .   q - +0 cloak
rCorr    .         Harm     +   (no gloves)
MR       .....                  (no boots)
Stlth    ++++......             j - amulet of harm
HPRegen  0.22/turn              (no ring)
MPRegen  0.17/turn              (no ring)

@: mighty, brilliant, very slow
A: distributed training, fangs 1, strong nose
a: Bend Time, Temporal Distortion, Slouch, Renounce Religion


You were on level 7 of the Dungeon.
You worshipped Cheibriados.
Cheibriados was greatly pleased with you.
You were not hungry.

You visited 1 branch of the dungeon, and saw 7 of its levels.
You also visited: Sewer.

You collected 295 gold pieces.

Inventory:

Hand Weapons
 e - a +0 short sword
 o - a +1 dagger of electrocution (weapon)
Missiles
 r - 72 sling bullets
 t - 272 stones (quivered)
Armour
 a - a +0 robe (worn)
 n - a +2 helmet (worn)
 q - a +0 cloak (worn)
 y - a +0 shield
Jewellery
 j - an amulet of harm (around neck)
Wands
 f - a wand of acid (8)
 A - a wand of paralysis (20)
Scrolls
 z - a scroll of remove curse
Potions
 d - 4 potions of brilliance
 g - 4 potions of curing
 h - a potion of resistance {unknown}
 i - 3 potions of might
 k - a potion of mutation {unknown}
 l - 4 potions of flight {unknown}
 m - 4 potions of agility {unknown}
 p - a potion of experience {unknown}
 s - a potion of berserk rage {unknown}
 u - a potion of haste {unknown}
 w - 2 potions of heal wounds
 x - a potion of lignification {unknown}
 B - a potion of cancellation {unknown}
Books
 b - a book of Necromancy

   Spells                             Type                      Level
   a - Pain                           Necromancy                   1
   b - Animate Skeleton               Necromancy                   1
   c - Vampiric Draining              Necromancy                   3
   d - Regeneration                   Charms/Necromancy            3
   e - Animate Dead                   Necromancy                   4
   f - Borgnjor's Vile Clutch         Necromancy/Earth             5
Comestibles
 c - 9 rations
 v - 2 chunks of flesh


   Skills:
 + Level 4.8 Fighting
 + Level 4.8 Short Blades
 + Level 4.8 Long Blades
 + Level 4.8 Axes
 + Level 4.8 Maces & Flails
 + Level 4.8 Polearms
 + Level 4.8 Staves
 + Level 4.8 Slings
 + Level 4.8 Bows
 + Level 4.8 Crossbows
 + Level 4.8 Throwing
 + Level 4.8 Armour
 + Level 6.7 Dodging
 + Level 6.4 Stealth
 + Level 4.8 Shields
 + Level 4.8 Unarmed Combat
 + Level 7.0 Spellcasting
 + Level 3.9 Conjurations
 + Level 3.9 Hexes
 + Level 3.9 Charms
 + Level 3.9 Summonings
 + Level 8.2 Necromancy
 + Level 3.9 Translocations
 + Level 3.9 Transmutations
 + Level 3.9 Fire Magic
 + Level 3.9 Ice Magic
 + Level 3.9 Air Magic
 + Level 3.9 Earth Magic
 + Level 3.9 Poison Magic
 + Level 5.2 Invocations
 + Level 4.8 Evocations


You had 6 spell levels left.
You knew the following spells:

 Your Spells              Type           Power        Failure   Level  Hunger
a - Pain                  Necr           ####         1%          1    None
b - Animate Skeleton      Necr           N/A          1%          1    None
c - Vampiric Draining     Necr           #######...   1%          3    None
d - Animate Dead          Necr           N/A          1%          4    None
e - Borgnjor's Vile Clut  Necr/Erth      ######....   1%          5    ####...
f - Regeneration          Chrm/Necr      ######....   1%          3    None


Dungeon Overview and Level Annotations

Branches:
Dungeon (7/15)
 Temple: D:4-7

Altars:
Ashenzari
Cheibriados
Dithmenos
Elyvilon
Sif Muna
Uskayaw
Zin
Lugonu


Innate Abilities, Weirdness & Mutations

Your experience applies equally to all skills.
You have very sharp teeth.
Your uncanny sense of smell can sniff out nearby items.


Message History

The purple ugly thing tail-slaps your ugly thing zombie.
Your raiju zombie bites the small abomination.
Your ugly thing zombie hits the purple ugly thing!
The small abomination hits your raiju zombie!
Your raiju zombie is destroyed!
The purple ugly thing barely misses your ugly thing zombie.
You feel much better.
Your ugly thing zombie barely misses the purple ugly thing.
The purple ugly thing barely misses your ugly thing zombie.
You barely miss the small abomination. You bite the small abomination.
The small abomination is almost destroyed.
The small abomination hits you!
* * * LOW HITPOINT WARNING * * *
Your ugly thing zombie hits the purple ugly thing but does no damage.
Unknown command.
You hit the small abomination but do no damage.
The small abomination is almost destroyed.
The purple ugly thing tail-slaps your ugly thing zombie!
The small abomination hits you!
You die...

∆ #### ##..## .# #.#
#..©.##.# #.#
##.x@.##.#.#.#
..†###....###.#.#.#
#.....[Z#####.#.#.#
##.:!$u#####..#.#.#.#
##.)_$.###.©....#.#.#
##.|=$(#####...##.#.#
#...... ##..##.#.#
.).###. #..##.#.# ..#
## #..##.#.#


You could see a purple ugly thing, a small abomination and a friendly ugly thing
zombie.

Vanquished Creatures
  3 ugly things (D:7)
  Prince Ribbit (D:6)
  A raiju (D:7)
  Sigmund (D:2)
  Eustachio (D:6)
  A sky beast (D:6)
  An ice beast (D:5)
  A centaur (D:5)
  5 small abominations (D:7)
  2 bullfrogs
  5 big kobolds
  A crimson imp (D:6)
  A quasit (D:6)
  Crazy Yiuf (D:2)
  3 hounds
  2 iguanas (D:5)
  3 orc wizards
  3 worker ants
  A worker ant zombie (D:6)
  5 adders
  A shadow imp (D:5)
  3 oozes (Sewer)
  A worm (D:3)
  2 dart slugs
  4 leopard geckos
  12 orcs
  8 bats
  3 giant cockroaches
  6 hobgoblins
  5 jackals
  2 quokkas
  8 ball pythons
  3 frilled lizards
  10 goblins
  18 kobolds
  A quokka skeleton (D:3)
  6 rats
135 creatures vanquished.

Vanquished Creatures (collateral kills)
  An adder skeleton (D:2)
  A leopard gecko (D:6)
  A goblin (D:1)
  A fungus (Sewer)
4 creatures vanquished.

Grand Total: 139 creatures vanquished

Notes
Turn   | Place    | Note
-------+----------+-------------------------------------------
     0 | D:1      | tsouns the Gnoll Necromancer began the quest for the Orb.
     0 | D:1      | Reached XP level 1. HP: 13/13 MP: 6/6
     2 | D:1      | Learned a level 1 spell: Animate Skeleton
   190 | D:1      | Reached XP level 2. HP: 16/19 MP: 4/7
   586 | D:2      | Noticed Sigmund
   726 | D:2      | Reached skill level 5 in Spellcasting
   726 | D:2      | Reached XP level 3. HP: 24/25 MP: 5/9
   764 | D:2      | Found a white marble altar of Elyvilon.
   786 | D:2      | Learned a level 3 spell: Vampiric Draining
   860 | D:2      | Killed Sigmund
   860 | D:2      | Reached skill level 1 in Fighting
   860 | D:2      | Reached skill level 1 in Short Blades
   860 | D:2      | Reached skill level 1 in Long Blades
   860 | D:2      | Reached skill level 1 in Axes
   860 | D:2      | Reached skill level 1 in Maces & Flails
   860 | D:2      | Reached skill level 1 in Polearms
   860 | D:2      | Reached skill level 1 in Staves
   860 | D:2      | Reached skill level 1 in Slings
   860 | D:2      | Reached skill level 1 in Bows
   860 | D:2      | Reached skill level 1 in Crossbows
   860 | D:2      | Reached skill level 1 in Throwing
   860 | D:2      | Reached skill level 1 in Armour
   860 | D:2      | Reached skill level 1 in Shields
   860 | D:2      | Reached skill level 1 in Unarmed Combat
   860 | D:2      | Reached skill level 1 in Conjurations
   860 | D:2      | Reached skill level 1 in Hexes
   860 | D:2      | Reached skill level 1 in Charms
   860 | D:2      | Reached skill level 1 in Summonings
   860 | D:2      | Reached skill level 1 in Translocations
   860 | D:2      | Reached skill level 1 in Transmutations
   860 | D:2      | Reached skill level 1 in Fire Magic
   860 | D:2      | Reached skill level 1 in Ice Magic
   860 | D:2      | Reached skill level 1 in Air Magic
   860 | D:2      | Reached skill level 1 in Earth Magic
   860 | D:2      | Reached skill level 1 in Poison Magic
   860 | D:2      | Reached skill level 1 in Invocations
   860 | D:2      | Reached skill level 1 in Evocations
   860 | D:2      | Reached XP level 4. HP: 28/32 MP: 0/11
   860 | D:2      | Reached XP level 5. HP: 33/37 MP: 0/12
  1010 | D:2      | Found a shadowy altar of Dithmenos.
  1010 | D:2      | Found a glowing silver altar of Zin.
  1017 | D:2      | Found a shattered altar of Ashenzari.
  1022 | D:2      | Found a faded altar of an unknown god.
  1024 | D:2      | Found a faded altar of an unknown god.
  1044 | D:2      | Learned a level 4 spell: Animate Dead
  1052 | D:2      | Became a worshipper of Elyvilon the Healer
  1052 | D:2      | Reached * piety under Elyvilon
  1066 | D:2      | Fell from the grace of Elyvilon
  1066 | D:2      | Became a worshipper of Cheibriados the Contemplative
  1066 | D:2      | Reached * piety under Cheibriados
  1125 | D:3      | Reached XP level 6. HP: 43/44 MP: 9/13
  1141 | D:3      | Learned a level 5 spell: Borgnjor's Vile Clutch
  1246 | D:2      | Found a runed door.
  1250 | D:2      | Noticed Crazy Yiuf
  1254 | D:2      | Killed Crazy Yiuf
  1311 | D:3      | Reached ** piety under Cheibriados
  1409 | D:3      | Found a faded altar of an unknown god.
  1424 | D:3      | Reached skill level 5 in Dodging
  1614 | D:3      | Found a glowing drain.
  1627 | Sewer    | Entered a sewer
  1805 | Sewer    | Reached XP level 7. HP: 41/50 MP: 15/15
  1837 | Sewer    | Reached *** piety under Cheibriados
  1927 | Sewer    | Learned a level 3 spell: Regeneration
  1956 | D:3      | Found a snail-covered altar of Cheibriados.
  2114 | D:4      | Reached skill level 5 in Stealth
  2214 | D:5      | Entered Level 5 of the Dungeon
  2277 | D:5      | Reached XP level 8. HP: 50/57 MP: 3/16
  2447 | D:6      | Noticed Eustachio
  2463 | D:6      | Killed Eustachio
  2518 | D:6      | Noticed Prince Ribbit
  2524 | D:6      | Killed Prince Ribbit
  2524 | D:6      | Reached **** piety under Cheibriados
  2534 | D:6      | Found a deep blue altar of Sif Muna.
  2534 | D:6      | Found a hide-covered altar of Uskayaw.
  2601 | D:7      | Reached XP level 9. HP: 31/65 MP: 12/18
  2681 | D:7      | Found a transporter.
  2685 | D:7      | Found a corrupted altar of Lugonu.
  2831 | D:7      | Noticed a brown ugly thing
  2831 | D:7      | Noticed a purple ugly thing
  2832 | D:7      | Noticed a red ugly thing
  2838 | D:7      | Killed a white ugly thing
  2838 | D:7      | Killed a purple ugly thing
  2838 | D:7      | Reached skill level 8 in Necromancy
  2841 | D:7      | Noticed a purple ugly thing
  2842 | D:7      | Killed a white ugly thing
  2842 | D:7      | Reached skill level 5 in Invocations
  2843 | D:7      | Reached XP level 10. HP: 52/73 MP: 4/20
  2853 | D:7      | HP: 3/73 [small abomination (16)]
  2857 | D:7      | Slain by a small abomination

Skill      XL: |  1  2  3  4  5  6  7  8  9 |
---------------+----------------------------+-----
Spellcasting   | 5 6 7 |  7.0
Fighting       | 1 2 3 4 |  4.8
Short Blades   | 1 2 3 4 |  4.8
Long Blades    | 1 2 3 4 |  4.8
Axes           | 1 2 3 4 |  4.8
Maces & Flails | 1 2 3 4 |  4.8
Polearms       | 1 2 3 4 |  4.8
Staves         | 1 2 3 4 |  4.8
Slings         | 1 2 3 4 |  4.8
Bows           | 1 2 3 4 |  4.8
Crossbows      | 1 2 3 4 |  4.8
Throwing       | 1 2 3 4 |  4.8
Armour         | 1 2 3 4 |  4.8
Shields        | 1 2 3 4 |  4.8
Unarmed Combat | 1 2 3 4 |  4.8
Conjurations   | 1 2 3 |  3.9
Hexes          | 1 2 3 |  3.9
Charms         | 1 2 3 |  3.9
Summonings     | 1 2 3 |  3.9
Translocations | 1 2 3 |  3.9
Transmutations | 1 2 3 |  3.9
Fire Magic     | 1 2 3 |  3.9
Ice Magic      | 1 2 3 |  3.9
Air Magic      | 1 2 3 |  3.9
Earth Magic    | 1 2 3 |  3.9
Poison Magic   | 1 2 3 |  3.9
Invocations    | 1 2 3 4 5 |  5.2
Evocations     | 1 2 3 4 |  4.8
Dodging        | 5 6 |  6.7
Stealth        | 5 6 |  6.4
Necromancy     | 8 |  8.2

Action                   |  1- 3 |  4- 6 |  7- 9 | 10-12 || total
-------------------------+-------+-------+-------+-------++-------
Melee: Short sword       |     7 |       |       |       ||     7
       Dagger            |     4 |   107 |   123 |     9 ||   243
       Bite              |       |     4 |    15 |     3 ||    22
       Punch             |       |     1 |     2 |       ||     3
 Cast: Pain              |    32 |    42 |    25 |       ||    99
       Animate Skeleton  |    13 |     5 |     2 |       ||    20
       Vampiric Draining |     1 |     2 |     9 |       ||    12
       Animate Dead      |       |     3 |     6 |     1 ||    10
       Borgnjor's Vile C |       |       |     6 |       ||     6
  Use: Scroll            |     2 |     5 |       |       ||     7
       Potion            |       |       |     4 |     1 ||     5
 Stab: Distracted        |     1 |       |     2 |       ||     3
       Sleeping          |       |     5 |     3 |       ||     8
  Eat: Chunk             |       |     1 |     1 |       ||     2
       Ration            |       |     1 |       |       ||     1
Armor: Robe              |     2 |    29 |    29 |       ||    60
Dodge: Dodged            |    11 |    78 |   133 |     7 ||   229
